 Dungeon Crawl Stone Soup version 0.30-a0-845-g7c6808c8ce (webtiles) character file.

Game seed: 4148024670341055442

48779 Drevant2 the Impregnable (level 15, -3/91 (107) HPs)
             Began as a Meteoran Fighter on Mar 3, 2023.
             Was the Champion of Okawaru.
             Slain by a vampire mosquito (5 damage)
             ... on level 3 of the Swamp.
             The game lasted 00:40:08 (8944 turns).

Drevant2 the Impregnable (Meteoran Fighter)         Turns: 8944, Time: 00:40:09

HP:   -3/91 (107)   AC: 22    Str: 30    XL:     15   Next: 28%
MP:   23/23         EV:  9    Int: 10    God:    Okawaru [******]
Gold: 1289          SH: 13    Dex: 23    Spells: 14/14 levels left

rFire   + . .      SeeInvis .    p - +5 morningstar (drain)
rCold   + + .      Faith    .    c - +0 buckler
rNeg    . . .      Spirit   .    K - +1 chain mail of a Labyrinth {rF+ rC++}
rPois   +          Reflect  +    (no helmet)
rElec   .          Rampage  .    x - +1 cloak of Xubluk {Str+3 Dex+4}
rCorr   .                        u - +0 pair of gloves "Ismow" {Will+}
Will    ++...                    (no boots) Stlth
                                 j - amulet of reflection
HPRegen 0.35/turn                k - ring of poison resistance
MPRegen 0.18/turn                D - +6 ring of strength

@: mighty, marked, slowed, glowing, heavily drained, very slow
A: sense surroundings 2, otherworldly, glowing, explore regen, shaggy fur 1,
subdued magic 1
a: Renounce Religion, Heroism, Finesse, Duel


You were on level 3 of the Swamp.
You worshipped Okawaru.
Okawaru was exalted by your worship.
You visited 3 branches of the dungeon, and saw 16 of its levels.
You also visited: Bailey.

You collected 1481 gold pieces.
You spent 192 gold pieces at shops.

Inventory:

Hand Weapons
 a - a +0 flail
 p - a +5 morningstar of draining (weapon)
 F - a +2 heavy flail
Missiles
 v - 2 silver javelins (quivered)
Armour
 b - a +0 scale mail
 c - a +0 buckler (worn)
 i - a +0 chain mail
 u - the +0 pair of gloves "Ismow" (worn) {Will+}
   (You found it on level 4 of the Dungeon)

   Will:      It increases your willpower.
 x - the +1 cloak of Xubluk (worn) {Str+3 Dex+4}
   (Okawaru gifted it to you on level 1 of the Lair of Beasts)

   Str:       It affects your strength (+3).
   Dex:       It affects your dexterity (+4).
 A - a +0 plate armour
 E - the +0 pair of boots of Uras Ama {Harm rC+ Dex+2}
   (You found it on level 8 of the Dungeon)

   Dex:       It affects your dexterity (+2).
   rC:        It protects you from cold.
   Harm:      It increases damage dealt and taken.
 K - the +1 chain mail of a Labyrinth (worn) {rF+ rC++}
   (Okawaru gifted it to you on level 3 of the Lair of Beasts)

   rF:        It protects you from fire.
   rC:        It greatly protects you from cold.
Jewellery
 j - an amulet of reflection (around neck)
 k - a ring of poison resistance (left hand)
 D - a +6 ring of strength (right hand)
 M - a ring of fire
 N - an amulet of faith
 O - a +6 ring of strength
 R - a ring of flight
 T - an amulet of magic regeneration
Wands
 h - a wand of mindburst (13)
 H - a wand of roots (4)
 P - a wand of quicksilver (14)
Scrolls
 e - 3 scrolls of magic mapping
 f - 7 scrolls of teleportation
 m - 4 scrolls of fog
 n - a scroll of silence
 y - 3 scrolls of amnesia
 z - a scroll of torment
 B - 4 scrolls of noise
 C - 3 scrolls of poison
 G - a scroll of vulnerability {unknown}
 L - a scroll of enchant armour {unknown}
 S - a scroll of immolation
Potions
 d - a potion of cancellation
 g - 4 potions of degeneration {unknown}
 l - 3 potions of curing
 o - 5 potions of magic {unknown}
 q - 4 potions of lignification {unknown}
 r - 2 potions of attraction
 s - 4 potions of brilliance
 t - 4 potions of haste {unknown}
 w - a potion of invisibility {unknown}
 I - a potion of flight {unknown}
 J - a potion of ambrosia
 Q - a potion of might


   Skills:
 - Level 3.2 Fighting
 - Level 16.0 Maces & Flails
 * Level 21.0 Armour
 - Level 12.3 Shields
 - Level 9.6 Invocations


You had 14 spell levels left.
You didn't know any spells.
Your spell library contained the following spells:

 Spells                   Type           Power      Damage    Failure   Level
 Dazzling Flash           Conj/Hex       0%         N/A       97%         3
 Hailstorm                Conj/Ice       0%         3d3       97%         3
 Ignite Poison            Fire/Tmut/Pois 0%         N/A       97%         3
 Kindle Blastsparks       Fire/Tloc/Air  0%         2d10      97%         3
 Ice Form                 Ice/Tmut       0%         N/A       100%        4
 Iskenderun's Mystic Bla  Conj/Tloc      0%         2d3       100%        4
 Freezing Cloud           Conj/Ice/Air   0%         6-21      100%        5
 Starburst                Conj/Fire      0%         6d3       100%        6
 Simulacrum               Ice/Necr       Unusable   N/A       N/A         6

Dungeon Overview and Level Annotations

Branches:
Dungeon (8/15) Zot: 122    Temple (0/1) D:7            Lair (5/5) D:8 Zot: 365
  Swamp (3/4) Lair:3 Zot: 525  Spider (0/4) Lair:3       Bailey (visited)
  Slime: Lair:4-5

Altars:
Cheibriados
Hepliaklqana
Kikubaaqudgha
Makhleb
Okawaru
Ru
Sif Muna
Vehumet
Wu Jian
Zin

Shops:
D:3 *   D:4 :   D:7 ([[*

Annotations:
Lair:4 exclusion: oklob plant
Swamp:2 Nikola
Swamp:3 Donald


Innate Abilities, Weirdness & Mutations

You passively map the area around you.
You are easily found by Zot.
You glow in the dark.
You regain HP and MP as you explore.
You are covered in fur. (AC +1)
Your spells are a little easier to cast, but a little less powerful.


Message History

You are too injured to fight recklessly!
You are too injured to fight recklessly!
Unknown command.
You puncture the vampire mosquito!
The vampire mosquito is heavily damaged.
You block the vampire mosquito's attack.
The vampire mosquito bites you but does no damage.
You block the death yak's attack.
The spriggan rider hits you but does no damage.
The spriggan rider hits you from afar with a +0 spear.
* * * LOW HITPOINT WARNING * * *
The vampire mosquito bites you but does no damage.
You block the death yak's attack.
The spriggan rider hits you from afar with a +0 spear.
* * * LOW HITPOINT WARNING * * *
You sock the vampire mosquito!
The vampire mosquito is severely damaged.
Donald no longer looks unusually strong.
You block the vampire mosquito's attack.
Donald gestures wildly while chanting.
Donald seems to grow stronger.
The vampire mosquito bites you but does no damage.
The death yak gores you!!
* * * LOW HITPOINT WARNING * * *
You block the vampire mosquito's attack.
Donald hits you but does no damage.
You feel drained. The vampire mosquito bites you.
* * * LOW HITPOINT WARNING * * *
The vampire mosquito draws strength from your injuries!
The spriggan rider barely misses you.
The spriggan rider hits you but does no damage.
You block the vampire mosquito's attack.
The death yak gores you.
* * * LOW HITPOINT WARNING * * *
You hit the vampire mosquito.
The vampire mosquito is almost destroyed.
You block the vampire mosquito's attack. x2
Donald hits you but does no damage.
You feel drained. The vampire mosquito bites you.
You die...

~~~~♣ ♣♣.~~~.....≈P≈..♣
* ~, .~§~♣♣..
~...~~.~~≈.≈P≈**** , ,
~.§~..~~§♣~.♣♣♣♣.~≈..≈ ~
~ .....~.~~.♣♣♣ ..≈.. ,
* ~ ~~..♣♣~.~~* * .≈.♣♣
.♣P♣. * ♣♣♣.♣ ...♣*
♣♣.≈.♣ .P♣P., , ♣ ♣...
.. ♣♣♣.≈.♣♣..♣P♣, ♣♣.≈ ♣
.... ~ ♣♣.@y≈..♣.....
,♣..≈ .. ...~
♣.~@y≈...♣.. ♣...≈ (..♣
♣.. *
♣♣~.yYi≈.♣.♣♣♣♣♣.♣.≈.
.≈.♣ ,
.~~.~i♣i~.≈...♣.♣...≈.~
≈≈.♣**
~~..§..~~~..≈...≈...≈...
≈... ,,*
♣.~~~....~...≈≈≈.≈≈≈.~.~
~~
♣♣.~~♣..~.~.~.~...~..~.~
*,
♣♣§~~~.~.....~~§~.....~
~ * *
♣..§..♣.§..~~...~..~..
,~ ,*,
♣~~.♣.♣...~♣.~.~~.~.§~


You could see Donald (fast, strong, reflecting), a death yak (summoned,
berserk), 2 spriggan riders, a spriggan berserker and 3 vampire mosquitoes.

Vanquished Creatures
  The ghost of gyole the Cleaver, a journeyman OgWr of the Shining One (Lair:2)
  A dire elephant (Lair:5)
  2 eleionomae (Swamp:1)
  5 hydras
  A catoblepas (Lair:5)
  Erica (D:8)
  3 alligators
  11 death yaks
  A deep troll shaman (Lair:5)
  The ghost of Sthenotin the Covert, a novice DEEE of Sif Muna (D:8)
  2 spriggans
  3 skysharks
  2 goliath frogs
  A bog body (Swamp:2)
  2 will-o-the-wisps
  3 elephants (Lair:5)
  4 black mambas
  10 cane toads
  Psyche (D:8)
  6 komodo dragons
  Maggie (Lair:2)
  3 rime drakes
  4 polar bears
  A tyrant leech (Swamp:2)
  3 hornets
  21 blink frogs
  11 dream sheep
  23 yaks
  5 wyverns
  2 basilisks
  5 vampire mosquitoes
  2 steam dragons
  A warg (D:8)
  9 swamp worms
  2 hell hounds (Lair:2)
  17 water moccasins
  2 sky beasts
  2 black bears
  8 orc warriors
  2 ice beasts
  2 ogres
  13 wolves
  A centaur (D:7)
  5 bullfrogs
  A gnoll sergeant (D:7)
  3 scorpions
  6 wights
  8 killer bees
  A crimson imp (D:3)
  2 jellies (D:5)
  6 orc priests
  3 hounds (D:5)
  A gnoll bouda (D:8)
  Jessica (D:2)
  2 iguanas
  3 orc wizards
  Terence (D:2)
  11 gnolls
  3 adders
  4 shadow imps
  5 white imps
  An ufetubus (D:4)
  4 worms
  19 orcs
  3 bats
  4 endoplasms
  2 giant cockroaches
  12 goblins
  6 hobgoblins
  11 kobolds
  2 quokkas
  2 ball pythons
  4 frilled lizards
  A quokka zombie (D:3)
  3 rats
341 creatures vanquished.

Vanquished Creatures (others)
  A gnoll (D:7)
  A bush (Lair:5)
  28 foxfires
  9 fungi
  30 plants
69 creatures vanquished.

Grand Total: 410 creatures vanquished

Notes
Turn   | Place    | Note
-------+----------+-------------------------------------------
     0 | D:1      | Drevant2 the Meteoran Fighter began the quest for the Orb.
     0 | D:1      | Reached XP level 1. HP: 19/19 MP: 2/2
    23 | D:1      | Reached XP level 2. HP: 11/26 MP: 3/3
   487 | D:1      | Glimpsed the power of Zot.
   524 | D:2      | Noticed Terence
   534 | D:2      | Gained mutation: You are covered in fur. (AC +1) [potion of
                  | mutation]
   534 | D:2      | Gained mutation: Your spells are a little easier to cast,
                  | but a little less powerful. [potion of mutation]
   537 | D:2      | Killed Terence
   538 | D:2      | Reached skill level 5 in Maces & Flails
   538 | D:2      | Reached XP level 3. HP: 8/31 MP: 4/4
   541 | D:2      | Reached XP level 4. HP: 11/38 MP: 5/5
   921 | D:2      | Noticed Jessica
   928 | D:2      | Killed Jessica
   929 | D:2      | Reached XP level 5. HP: 40/45 MP: 6/6
  1064 | D:3      | Found a burning altar of Makhleb.
  1064 | D:3      | Found a radiant altar of Vehumet.
  1129 | D:3      | Reached XP level 6. HP: 37/51 MP: 7/7
  1661 | D:3      | Glimpsed the power of Zot.
  1663 | D:3      | Found an ornate altar of the Wu Jian Council.
  1749 | D:4      | HP: 3/76 [orc priest/+0 whip (3)]
  1751 | D:4      | HP: 1/76 [ball python (1)]
  1752 | D:4      | Reached skill level 5 in Shields
  1755 | D:4      | Reached XP level 7. HP: 2/57 MP: 8/8
  1857 | D:3      | Found Zin's Purification Station.
  1860 | D:3      | Found a glowing silver altar of Zin.
  2012 | D:4      | Found Dexteuss's Book Shop.
  2080 | D:4      | Found an iron altar of Okawaru.
  2085 | D:4      | Found a shimmering blue altar of Sif Muna.
  2088 | D:4      | Became a worshipper of Warmaster Okawaru
  2177 | D:4      | Identified the +0 pair of gloves "Ismow" {Will+}
  2255 | D:4      | Glimpsed the power of Zot.
  2273 | D:5      | Entered Level 5 of the Dungeon
  2452 | D:5      | Reached XP level 8. HP: 53/63 MP: 9/9
  2676 | D:5      | Found a large runed translucent door.
  2677 | D:5      | Found a large runed translucent door.
  2695 | D:5      | Found a snail-covered altar of Cheibriados.
  2706 | D:5      | Found a sacrificial altar of Ru.
  2740 | D:5      | Reached skill level 10 in Maces & Flails
  2824 | D:6      | Reached * piety under Okawaru
  3164 | D:6      | Found a hazy altar of Hepliaklqana.
  3291 | D:6      | Gained mutation: You passively map the area around you.
                  | [Meteoran growth]
  3291 | D:6      | Reached XP level 9. HP: 42/70 MP: 10/10
  3408 | D:7      | Found Foryum's Armour Boutique.
  3427 | D:7      | Found Lasuahots's General Store.
  3458 | D:7      | Reached ** piety under Okawaru
  3490 | D:7      | Bought 2 potions of heal wounds for 110 gold pieces
  3490 | D:7      | Bought a scroll of blinking for 82 gold pieces
  3520 | D:7      | Found a staircase to the Ecumenical Temple.
  3794 | D:7      | Reached XP level 10. HP: 51/77 MP: 11/13
  3863 | D:7      | Found Wiplioqo's Antique Weapon Shoppe.
  3947 | D:7      | Found Xycaretu's Antique Armour Shoppe.
  4083 | D:7      | Glimpsed the power of Zot.
  4116 | D:8      | Reached *** piety under Okawaru
  4149 | D:8      | Noticed Psyche
  4158 | D:8      | Killed Psyche
  4159 | D:8      | Reached skill level 5 in Invocations
  4217 | D:8      | Found a flagged portal.
  4242 | Bailey   | Entered a bailey
  4247 | Bailey   | Noticed an orc warlord
  4359 | Bailey   | Reached skill level 10 in Shields
  4367 | Bailey   | Found a runed translucent gate.
  4381 | Bailey   | Found a runed translucent gate.
  4383 | Bailey   | Found a runed translucent gate.
  4450 | D:8      | Acquired 885 gold pieces
  4456 | D:8      | Acquired a +2 morningstar of draining
  4573 | D:8      | Reached **** piety under Okawaru
  4609 | D:8      | Found a runed translucent gate.
  4612 | D:8      | Found a runed translucent gate.
  4612 | D:8      | Found a runed translucent gate.
  4612 | D:8      | Noticed Sthenotin's ghost (novice DEEE)
  4613 | D:8      | Identified the +3 chain mail of Generosity {rElec rC- Will-
                  | Stlth+}
  4671 | D:8      | Killed Sthenotin's ghost
  4681 | D:8      | Reached XP level 11. HP: 66/82 MP: 17/19
  4728 | D:8      | Identified the +0 pair of boots of Uras Ama {Harm rC+
                  | Dex+2}
  4778 | D:8      | Found a staircase to the Lair.
  4783 | D:8      | Received a gift from Okawaru
  4804 | D:8      | Noticed Erica
  4839 | D:8      | Killed Erica
  4839 | D:8      | Reached ***** piety under Okawaru
  4890 | Lair:1   | Entered Level 1 of the Lair of Beasts
  4890 | Lair:1   | You fall into a shaft and drop 1 floor!
  4939 | Lair:2   | Reached skill level 15 in Maces & Flails
  5001 | Lair:2   | Noticed a skyshark
  5008 | Lair:2   | Killed a skyshark
  5050 | Lair:1   | Identified the +1 cloak of Xubluk {Str+3 Dex+4} (Okawaru
                  | gifted it to you on level 1 of the Lair of Beasts)
  5050 | Lair:1   | Received a gift from Okawaru
  5104 | Lair:2   | Found a runed translucent gate.
  5104 | Lair:2   | Found a runed translucent gate.
  5104 | Lair:2   | Found a runed translucent gate.
  5109 | Lair:2   | Noticed gyole's ghost (journeyman OgWr)
  5119 | Lair:2   | Reached XP level 12. HP: 89/89 MP: 20/20
  5145 | Lair:2   | Found a dark tunnel.
  5158 | Lair:2   | Reached skill level 4 in Armour
  5230 | Lair:2   | Killed gyole's ghost
  5231 | Lair:2   | Reached skill level 5 in Armour
  5274 | Lair:2   | Reached skill level 6 in Armour
  5314 | Lair:2   | Reached skill level 7 in Armour
  5399 | Lair:2   | Reached skill level 8 in Armour
  5410 | Lair:2   | Noticed a death yak
  5410 | Lair:2   | Noticed a death yak
  5450 | Lair:1   | Killed a death yak
  5484 | Lair:2   | Killed a death yak
  5485 | Lair:2   | Reached skill level 9 in Armour
  5548 | Lair:2   | Noticed a skyshark
  5564 | Lair:2   | Killed a skyshark
  5573 | Lair:2   | Noticed a death yak
  5742 | Lair:2   | Killed a death yak
  5743 | Lair:2   | Reached skill level 10 in Armour
  5773 | Lair:2   | Noticed Maggie
  5780 | Lair:2   | Killed Maggie
  5798 | Lair:2   | Noticed a five-headed hydra
  5866 | Lair:3   | Found a hole to the Spider Nest.
  5893 | Lair:3   | Reached skill level 11 in Armour
  5970 | Lair:3   | Reached XP level 13. HP: 78/94 MP: 21/21
  6034 | Lair:3   | Identified the +1 chain mail of a Labyrinth {rF+ rC++}
                  | (Okawaru gifted it to you on level 3 of the Lair of Beasts)
  6034 | Lair:3   | Received a gift from Okawaru
  6097 | Lair:3   | Reached skill level 12 in Armour
  6138 | Lair:3   | Found a staircase to the Swamp.
  6230 | Lair:3   | Reached skill level 13 in Armour
  6400 | Lair:4   | Reached ****** piety under Okawaru
  6425 | Lair:4   | Reached skill level 14 in Armour
  6595 | Lair:4   | Reached skill level 15 in Armour
  6637 | Lair:5   | Entered Level 5 of the Lair of Beasts
  6710 | Lair:5   | Identified the +5 quarterstaff of Desperation {freeze, rF+
                  | Str+4 Dex+3 Stlth-}
  6753 | Lair:5   | Reached skill level 16 in Armour
  6813 | Lair:5   | Noticed a death yak
  6814 | Lair:5   | Noticed a death yak
  6814 | Lair:5   | Noticed a death yak
  6849 | Lair:5   | Killed a death yak
  6855 | Lair:5   | Killed a death yak
  6870 | Lair:5   | Received a gift from Okawaru
  6887 | Lair:5   | Reached XP level 14. HP: 54/102 MP: 22/22
  6959 | Lair:5   | Reached skill level 17 in Armour
  7092 | Lair:5   | Reached skill level 18 in Armour
  7095 | Lair:5   | Received a gift from Okawaru
  7119 | Lair:5   | Noticed a dire elephant
  7195 | Lair:5   | Killed a dire elephant
  7383 | Lair:5   | Reached skill level 19 in Armour
  7687 | Swamp:1  | Entered Level 1 of the Swamp
  7696 | Swamp:1  | Noticed an eleionoma
  7708 | Swamp:1  | Killed an eleionoma
  7752 | Swamp:1  | Found an ancient bone altar of Kikubaaqudgha.
  7753 | Swamp:1  | Noticed an eleionoma
  7762 | Swamp:1  | Killed an eleionoma
  7782 | Swamp:1  | Received a gift from Okawaru
  7808 | Swamp:1  | Reached skill level 20 in Armour
  7945 | Swamp:2  | Reached XP level 15. HP: 59/107 MP: 23/23
  8142 | Swamp:2  | HP: 2/107 [will-o-the-wisp/foxfire (8)]
  8372 | Swamp:2  | Noticed Nikola
  8899 | Swamp:3  | Noticed Donald
  8905 | Swamp:3  | HP: 1/92 [Donald/+2 scimitar of draining (8)]
  8927 | Swamp:3  | Reached skill level 21 in Armour
  8943 | Swamp:3  | HP: 2/92 [death yak[a spriggan berserker] (5)]
  8944 | Swamp:3  | Slain by a vampire mosquito

Illustrated notes

Levels and vault maps discovered:
D:1:      dpeg_arrival_castle, layout_loops_ring
D:2:      layout_basic, serial_bayou_crossing, uniq_jessica, uniq_terence
D:3:      layout_basic, grunt_temple_overflow_lords_of_destruction,
          lemuel_zombie_altar_yredelemnul, zin_purify, nzn_wu_jian_council_hall,
          nicolae_titane
D:4:      layout_basic, minitemple, serial_shops, nicolae_stop_n_shop_1,
          hangedman_decor_peaks_small, minmay_crossroads
D:5:      nicolae_cairo_tiling_very_big, layout_basic, jmf_multi_god_temple2
D:6:      layout_basic, marbit_many_paths, serial_co_window_serial,
          co_window_cross_1, co_window_corner_a, co_window_of_opportunity_a,
          co_window_corner_a, co_window_of_opportunity_a, co_window_corner_a,
          co_window_paths_b, co_window_paths_c, co_window_broadway_a,
          co_window_cross_4, co_window_unsneaky_path_e, co_window_4corner_a,
          glass_columns_c, glass_columns_b, glass_columns_a,
          corexii_checkpoint_a
D:7:      layout_rooms, temple_statues, serial_shops, nicolae_shop_statue_plus,
          nicolae_shop_window_shopping, nicolae_shop_hallway_stairs, shop
D:8:      layout_loops_corners, minmay_lair_entry_grove, enter_bailey_4,
          biasface_ghost_orc_armoury, amethyst_killhole, minmay_nine_imps,
          uniq_psyche, uniq_erica
Lair:1:   layout_hall_layers, grunt_megastairs_4, lemuel_fruit_tree
Lair:2:   layout_regular_city, ebering_ghost_rock_garden, enter_volcano_3,
          uniq_maggie
Lair:3:   layout_cave_pods, swamp_mist, spider_nest_entry_web_field
Lair:4:   layout_loops_ring, serial_bayou_shore_b
Lair:5:   grunt_lair_end_beastmaster, layout_hall_layers, slime_entry_1,
          serial_bayou_pond_e, minmay_lindwurm_lava
Swamp:1:  layout_falls_marsh, basic_altar, swamp_pool4,
          nicolae_swamp_nymph_family_reunion
Swamp:2:  nicolae_swamp_tree_isthmus, layout_basic_swamp,
          evilmike_swamp_ruin_rubble_1, swamp_pool1, st_swamp_ruins_4,
          uniq_aizul, uniq_nikola
Swamp:3:  layout_basic_swamp, hangedman_swamp_pad, swamp_pool1,
          hangedman_swamp_blocks, uniq_donald

Skill      XL: |  1  2  3  4  5  6  7  8  9 10 11 12 13 14 15 |
---------------+----------------------------------------------+-----
Maces & Flails | 3 5 6 7 9 11 13 16 | 16.0
Shields        | 4 5 7 8 10 12 | 12.3
Invocations    | 2 9 |  9.6
Armour         | 11 16 20 21 | 21.0
Fighting       | |  3.2

Action                     |  1- 3 |  4- 6 |  7- 9 | 10-12 | 13-15 || total
---------------------------+-------+-------+-------+-------+-------++-------
  Melee: Flail             |    49 |   117 |   299 |   143 |       ||   608
         Morningstar       |       |       |       |   349 |   570 ||   919
 Invoke: Heroism           |       |       |       |     1 |       ||     1
    Use: Potion            |     3 |     2 |     4 |     6 |     8 ||    23
         Scroll            |       |       |       |    19 |     9 ||    28
   Stab: Petrifying        |       |       |       |       |     1 ||     1
         Petrified         |       |       |       |       |     1 ||     1
 Armour: Scale mail        |     4 |       |       |       |       ||     4
         Chain mail        |    23 |    64 |    67 |       |   259 ||   413
         Plate armour      |       |       |   122 |   163 |       ||   285
  Dodge: Dodged            |    12 |    43 |    54 |    67 |   139 ||   315
  Block: Buckler           |    11 |    34 |    81 |   220 |   366 ||   712
         Reflection        |       |       |       |    16 |     6 ||    22

Table legend: (Time is in decaauts)
 A = Elapsed time spent in this place.
 B = Non-inter-level travel time spent in this place.
 C = Inter-level travel time spent in this place.
 D = Time resting spent in this place.
 E = Time spent auto-exploring this place.
 F = Levels seen in this place.
 G = Mean time per level.
                   A        B        C        D        E       F      G
               +--------+--------+--------+--------+--------+-----+--------+
         Total |   8772 |   4141 |   4631 |    922 |    358 |  17 |  516.0 |
       Dungeon |   4677 |   1910 |   2767 |    309 |    327 |   8 |  584.6 |
          Lair |   2634 |   1237 |   1397 |    145 |     31 |   5 |  526.8 |
         Swamp |   1273 |    807 |    466 |    468 |      0 |   3 |  424.3 |
        Bailey |    186 |    186 |      0 |      0 |      0 |   1 |  186.0 |
               +--------+--------+--------+--------+--------+-----+--------+

Top non-repeatable levels by time:
     D:2: 830 daAuts
  Lair:5: 817 daAuts
 Swamp:2: 728 daAuts
  Lair:2: 673 daAuts
     D:7: 659 daAuts
     D:6: 611 daAuts
     D:8: 573 daAuts
     D:3: 537 daAuts
     D:5: 516 daAuts
     D:1: 510 daAuts
  Lair:4: 478 daAuts
  Lair:3: 472 daAuts
     D:4: 439 daAuts
 Swamp:3: 338 daAuts
 Swamp:1: 206 daAuts
